 Dungeon Crawl Stone Soup version 0.28.0-62-gf88900778d (webtiles) character file.

Game seed: 5820783302719219754

743 cbfl8 the Cleaver (level 7, -1/56 (61) HPs)
             Began as a Minotaur Monk on Sept 12, 2023.
             Slain by a wight
             ... wielding a +5 battleaxe
              (3 damage)
             ... in an ossuary.
             The game lasted 00:03:44 (4542 turns).

cbfl8 the Cleaver (Minotaur Monk)                   Turns: 4542, Time: 00:03:45

HP:   -1/56 (61)    AC: 10    Str: 15    XL:     7   Next: 47%
MP:   6/6           EV:  7    Int:  7    God:
Gold: 204           SH:  0    Dex: 15    Spells: 6/6 levels left

rFire   + . .      SeeInvis .   b - +1 battleaxe
rCold   x . .      Faith    .   (shield currently unavailable)
rNeg    . . .      Spirit   .   n - +1 chain mail
rPois   .          Reflect  .   (helmet restricted)
rElec   .          Harm     .   (no cloak)
rCorr   .          Rampage  .   (no gloves)
Will    .....                   (no boots)
Stlth   ..........              (no amulet)
HPRegen 0.18/turn               q - ring of fire
MPRegen 0.10/turn               (no ring)

@: flying, drained, invisible
A: horns 2, retaliatory headbutt
a: no special abilities


You were in an ossuary.
You visited 1 branch of the dungeon, and saw 5 of its levels.
You also visited: Ossuary.

You collected 204 gold pieces.

Inventory:

Hand Weapons
 b - a +1 battleaxe (weapon)
Armour
 n - a +1 chain mail (worn)
Jewellery
 q - a ring of fire (left hand)
Scrolls
 a - a scroll of fear
 d - a scroll of enchant weapon
 f - 3 scrolls of enchant armour
 g - 3 scrolls of teleportation {unknown}
 i - a scroll of vulnerability {unknown}
 j - a scroll of summoning {unknown}
 m - 2 scrolls of identify {unknown}
 r - a scroll of silence {unknown}
Potions
 c - a potion of heal wounds {unknown}
 h - a potion of cancellation {unknown}
 k - a potion of degeneration {unknown}
 l - a potion of might {unknown}
 o - a potion of flight
 p - a potion of mutation {unknown}


   Skills:
 + Level 5.4 Fighting
 + Level 8.0 Axes
 + Level 3.4 Armour
 - Level 3.2 Dodging
 - Level 1.5 Stealth
 * Level 3.0 Evocations


You had 6 spell levels left.
You didn't know any spells.
Your spell library contained the following spells:

 Spells                   Type           Power      Damage    Failure   Level
 Call Canine Familiar     Summ           0%         N/A       100%        3
 Portal Projectile        Hex/Tloc       0%         N/A       100%        3
 Leda's Liquefaction      Hex/Erth       0%         N/A       100%        4


Dungeon Overview and Level Annotations

Branches:
Dungeon (5/15)            Ossuary (1/1)
 Temple: D:4-7

Altars:


Innate Abilities, Weirdness & Mutations

You have a pair of horns on your head.
You reflexively headbutt those who attack you in melee.


Message History

The wight hits you with a +5 battleaxe!
You barely miss the wight. The wight barely misses you.
You furiously retaliate!
You headbutt the wight, but do no damage.
A wight is nearby!
You hit the wight.
The wight is lightly damaged.
The wight hits you with a +5 battleaxe!
A wight is nearby!
You closely miss the wight. Your headbutt misses the wight.
The wight is lightly damaged.
The wight hits you with a +5 battleaxe!
You feel drained.
A wight is nearby!
You are too injured to fight recklessly!
A wight is nearby!
You are too injured to fight recklessly!
A wight is nearby!
You are too injured to fight recklessly!
You slash the wight!
The wight is severely damaged.
The wight hits you but does no damage. The wight hits you with a +5 battleaxe!
You feel drained.
You barely miss the wight.
You headbutt the wight, but do no damage.
The wight is severely damaged.
The wight hits you with a +5 battleaxe!
* * * LOW HITPOINT WARNING * * *
It was a potion of flight.
You feel very buoyant.
You fly up into the air.
The wight closely misses you. You furiously retaliate!
You headbutt the wight, but do no damage.
There is an open door here.
You can't see any enemies this would affect, really read the scroll of fear?
Okay, then.
It was a potion of invisibility.
You fade into invisibility!
The wight hits you with a +5 battleaxe.
* * * LOW HITPOINT WARNING * * *
You feel drained.
You die...

##### ##...## ##.....##
#.##....###########
#.#......##.#.#.#.#
##.##......#'#'#'#'#+##
#..#.......@z.........+
#..........#'#'#'#'#+##
##........##.#.#.#.#
##......###########
###...## ##...# #..###
#.## ##.##


You could see a wight.

Vanquished Creatures
  Edmund (D:3)
  An ice beast (D:5)
  An ogre (D:4)
  A water moccasin zombie (D:5)
  A water moccasin skeleton (D:5)
  3 centaur skeletons
  A hound (D:3)
  An iguana (D:4)
  An orc wizard (D:3)
  5 adders
  A shadow imp (D:5)
  An ufetubus (D:5)
  2 dart slugs (D:4)
  19 orcs
  6 ball pythons
  8 endoplasms
  5 giant cockroaches
  13 goblins
  7 hobgoblins
  3 jackals (D:5)
  5 quokkas
  A ball python skeleton (Ossuary)
  6 bats
  7 frilled lizards
  A hobgoblin skeleton (Ossuary)
  A hobgoblin zombie (Ossuary)
  4 kobolds
  2 kobold zombies (Ossuary)
  An orc skeleton (Ossuary)
  An orc zombie (Ossuary)
  6 rats
116 creatures vanquished.

Notes
Turn   | Place    | Note
-------+----------+-------------------------------------------
     0 | D:1      | cbfl8 the Minotaur Monk began the quest for the Orb.
     0 | D:1      | Reached XP level 1. HP: 19/19 MP: 0/0
   136 | D:1      | Found a faded altar of an unknown god.
   295 | D:1      | Reached XP level 2. HP: 13/27 MP: 1/1
   715 | D:1      | Reached skill level 4 in Axes
  1204 | D:2      | Reached XP level 3. HP: 26/33 MP: 2/2
  1323 | D:2      | Reached skill level 1 in Armour
  1696 | D:3      | Reached skill level 1 in Evocations
  1886 | D:3      | Reached skill level 5 in Axes
  1886 | D:3      | Reached XP level 4. HP: 32/41 MP: 3/3
  2383 | D:4      | Reached XP level 5. HP: 40/47 MP: 4/4
  2799 | D:4      | Reached skill level 6 in Axes
  2949 | D:4      | Noticed Edmund
  3457 | D:3      | Killed Edmund
  3458 | D:3      | Reached XP level 6. HP: 34/55 MP: 5/5
  3838 | D:4      | Reached skill level 5 in Fighting
  3838 | D:4      | Reached skill level 7 in Axes
  4239 | D:5      | Entered Level 5 of the Dungeon
  4255 | D:5      | Reached XP level 7. HP: 59/61 MP: 6/6
  4460 | D:5      | Found a sand-covered staircase.
  4468 | Ossuary  | Entered an ossuary
  4504 | Ossuary  | Reached skill level 8 in Axes
  4542 | Ossuary  | HP: 2/57 [wight/+5 battleaxe (6)]
  4542 | Ossuary  | Slain by a wight

Illustrated notes

Levels and vault maps discovered:
D:1:      heliophobic_arrival_ceremonial_halls, layout_basic,
          shapermc_ecumenical_altar_pompeii
D:2:      layout_basic, due_unseen_surprise
D:3:      layout_loops_ring
D:4:      layout_loops_ring, minivault_19, hex_medium, minmay_ogre_servants,
          uniq_edmund
D:5:      layout_cave_pools, chequers_ossuary_entry_cave
Ossuary:  ossuary_due_cavern

Skill      XL: |  1  2  3  4  5  6  7 |
---------------+----------------------+-----
Fighting       | 4 5 |  5.4
Axes           | 4 5 6 7 8 |  8.0
Armour         | 1 2 3 |  3.4
Evocations     | 1 2 3 |  3.0
Dodging        | |  3.2
Stealth        | |  1.5

Action                   |  1- 3 |  4- 6 |  7- 9 || total
-------------------------+-------+-------+-------++-------
Melee: Hand axe          |    29 |       |       ||    29
       Headbutt          |    11 |    12 |     9 ||    32
       Battleaxe         |    64 |    80 |    46 ||   190
  Use: Scroll            |     1 |     3 |       ||     4
       Potion            |       |       |     2 ||     2
 Stab: Distracted        |       |     1 |       ||     1
Armor: Robe              |     3 |       |       ||     3
       Ring mail         |    30 |     6 |       ||    36
       Chain mail        |       |    45 |    43 ||    88
Dodge: Dodged            |    63 |    48 |    21 ||   132
